 Dungeon Sprint DCSS version 0.21.2 (webtiles) character file.

2361 sanboga the Cleaver (level 9, 0/97 HPs)
             Began as a Gargoyle Berserker on Nov 8, 2018.
             Was a High Priest of Trog.
             Slain by a kraken (21 damage)
             ... in the Dungeon (Sprint II: "The Violet Keep of Menkaure").
             The game lasted 00:04:34 (1146 turns).

sanboga the Cleaver (Gargoyle Berserker)            Turns: 1146, Time: 00:04:34

Health: 0/97       AC: 13    Str: 28    XL:     9   Next: 44%
Magic:  8/8        EV: 10    Int:  7    God:    Trog [*****.]
Gold:   500        SH:  0    Dex: 15    Spells: 8/8 levels left

rFire    . . .     SeeInvis .   c - +1 war axe of the Desolation of Salt {chop, *Corrode +Inv MR+ Dex+3}
rCold    . . .     Gourm    +   (no shield)
rNeg     + . .     Faith    .   j - +0 chain mail
rPois    ∞         Spirit   .   (no helmet)
rElec    +         Reflect  .   (no cloak)
rCorr    .         Harm     .   a - +1 pair of gloves {Dex+3}
MR       +....     NoTele   +   (no boots)
Stlth    ..........             n - amulet of the gourmand
HPRegen  0.26/turn              (no ring)
MPRegen  0.11/turn              (no ring)

@: berserking (expiring), corroded, very quick
A: fangs 1, deformed body, dopey 1, low mp 1, negative energy resistance 1,
electricity resistance, unbreathing, petrification resistance, rot immunity,
subdued magic 1, AC +6
a: Berserk, Trog's Hand, Brothers in Arms, Burn Spellbooks, Renounce Religion,
Evoke Invisibility


You were in the Dungeon.
You worshipped Trog.
Trog was extremely pleased with you.
You were not hungry.

You visited 1 branch You collected 975 gold pieces.
You spent 475 gold pieces at shops.

Inventory:

Hand Weapons
 c - the +1 war axe of the Desolation of Salt (weapon) {chop, *Corrode +Inv MR+ Dex+3}
   (You bought it in a shop in the Dungeon)

   It inflicts extra damage upon your enemies.
   It affects your dexterity (+3).
   It affects your resistance to hostile enchantments.
   It lets you turn invisible.
   It may corrode you when you take damage.
Armour
 a - a +1 pair of gloves of dexterity (worn)
 j - a +0 chain mail (worn)
Jewellery
 n - an amulet of the gourmand (around neck)
 s - an uncursed ring of ice
Scrolls
 i - a scroll of blinking
 k - a scroll of identify
Potions
 d - 4 potions of curing
 g - 5 potions of magic
 h - a potion of berserk rage
 m - 2 potions of mutation
 p - a potion of brilliance
 q - 3 potions of flight
 r - 3 potions of haste
 t - 3 potions of resistance
Comestibles
 b - 7 rations


   Skills:
 + Level 11.9 Fighting
 * Level 13.5 Axes
 + Level 11.6 Armour
 - Level 1.5 Dodging


You had 8 spell levels left.
You didn't know any spells.

Dungeon Overview and Level Annotations

Branches:
Dungeon (1/1)

Altars:
Dithmenos
Elyvilon
Fedhas
Gozag
Kikubaaqudgha
Makhleb
Nemelex Xobeh
Okawaru
Qazlal
Ru
Sif Muna
Trog
Uskayaw
Vehumet
Wu Jian
Xom
Yredelemnul
Zin
The Shining One
Jiyva
Lugonu

Shops:
D ![:[!:((%%=[=}?}

Annotations:
D exclusion: oklob plant, Roxanne


Innate Abilities, Weirdness & Mutations

You are resistant to torment.
Your stone body is resilient. (AC +6)
You are immune to poison.
You resist negative energy. (rN+)
You are resistant to electric shocks. (rElec)
You can survive without breathing.
You are immune to petrification.
You are immune to rotting.
You have very sharp teeth.
Armour fits poorly on your strangely shaped body.
You are dopey. (Int -2)
Your magical capacity is low. (-10% MP)
Your spells are a little easier to cast, but a little less powerful.


Message History

You slice the tentacle!!
You kill the tentacle!
Tentacles burst out of the water! 2 tentacles come into view.
The kraken squirts a massive cloud of ink into the water!
The tentacle slaps you!!
Your corrosive artefact corrodes you!
The tentacle slaps you!
You slash the tentacle!
The tentacle is heavily wounded.
You hit the tentacle.
The tentacle slaps you but does no damage.
The tentacle barely misses you.
You slice the tentacle!!
You kill the tentacle!
You barely miss the tentacle. The tentacle slaps you!
* * * LOW HITPOINT WARNING * * *
The kraken bites you!!
You die...

.*,,#[:▓........▓▓,⌠,*,*,+≈,,≈+,*
.##.#[§▓).[..(..▓▓,,,*,*,+≈,,≈+,*
...####▓.(..).).▓▓,,,*,*,+≈,,≈+,*
#..##.#▓......[.▓▓,,,*,*,+≈,,≈+,*
+..#..#▓.)......▓▓,,,*,*,+≈,,≈+,*
#..#).#▓[......)▓▓,⌠,*,*,*≈,,≈*,*
#..##.#▓....[.(.▓▓,,,*,*,*≈,,≈*,*
##...##▓▓▓▓▓▓▓'▓▓▓▓+▓*,***≈,,≈***
.≈≈≈(≈≈≈≈≈≈≈§§..@Xw≈▓,,,,,,,,**
.≈#+########+###ww§≈▓,,,,,,,**
.≈#_._._...#t§≈##§§≈▓,,,,,,**
.≈#._._._._#≈§≈§####▓****≈**
≈≈#_._._._.#≈§§≈§**,,*,,*≈*
≈≈#._._._._#§≈§§≈≈*,,*,,*≈*
§≈#.._._._.#§§§§§≈+,,+,,*≈*
≈≈#..._._._#§≈§≈≈t*,,*,,*≈*
≈§#.,,,_,_,*≈≈≈≈≈≈*,,*,,*≈*


You could see a kraken and 3 tentacles.

Vanquished Creatures
  A yaktaur (D)
  3 polar bears (D)
  A hornet (D)
  2 hippogriffs (D)
  4 neqoxecs (D)
  Menkaure (D)
  4 necrophages (D)
  A scorpion (D)
  4 tentacles (D)
21 creatures vanquished.

Vanquished Creatures (others)
  A crocodile (D)
  4 tentacles (D)
5 creatures vanquished.

Grand Total: 26 creatures vanquished

Notes
Turn   | Place    | Note
-------+----------+-------------------------------------------
     0 | D        | sanboga the Gargoyle Berserker began the quest for the Orb.
     0 | D        | Reached XP level 1. HP: 14/14 MP: 1/1
     1 | D        | Noticed a necrophage
     1 | D        | Noticed a necrophage
     1 | D        | Noticed a necrophage
     1 | D        | Noticed a necrophage
     6 | D        | Killed a necrophage
     6 | D        | Reached skill level 5 in Fighting
     6 | D        | Reached skill level 6 in Axes
     6 | D        | Reached XP level 2. HP: 21/21 MP: 2/2
     6 | D        | Reached XP level 3. HP: 26/26 MP: 3/3
     6 | D        | Reached XP level 4. HP: 31/31 MP: 4/4
    14 | D        | Killed a crocodile
    18 | D        | Killed a necrophage
    18 | D        | Reached skill level 7 in Axes
    18 | D        | Reached XP level 5. HP: 35/37 MP: 5/5
    22 | D        | Killed a necrophage
    22 | D        | Reached ** piety under Trog
    22 | D        | Reached skill level 8 in Axes
    22 | D        | Reached XP level 6. HP: 43/44 MP: 6/6
    28 | D        | Killed a necrophage
    28 | D        | Reached skill level 9 in Axes
   164 | D        | Noticed a hippogriff
   164 | D        | Noticed a hippogriff
   170 | D        | Killed a hippogriff
   170 | D        | Reached skill level 10 in Axes
   170 | D        | Reached XP level 7. HP: 50/50 MP: 7/7
   175 | D        | Killed a hippogriff
   175 | D        | Reached *** piety under Trog
   228 | D        | Noticed a tyrant leech
   228 | D        | Noticed a tyrant leech
   232 | D        | Noticed a neqoxec
   234 | D        | Noticed a neqoxec
   236 | D        | Gained mutation: Your magical capacity is low. (-10% MP) [a neqoxec]
   239 | D        | Killed a neqoxec
   239 | D        | Reached skill level 11 in Axes
   247 | D        | Gained mutation: Your spells are a little easier to cast, but a little less powerful. [a neqoxec]
   250 | D        | Killed a neqoxec
   250 | D        | Reached skill level 10 in Fighting
   250 | D        | Reached XP level 8. HP: 57/57 MP: 7/7
   301 | D        | Noticed Roxanne
   310 | D        | Gained mutation: You are dopey. (Int -2) [a neqoxec]
   311 | D        | Gained mutation: Armour fits poorly on your strangely shaped body. [a neqoxec]
   314 | D        | Gained mutation: You have very sharp teeth. [a neqoxec]
   325 | D        | Reached **** piety under Trog
   325 | D        | Reached skill level 10 in Armour
   483 | D        | Found Gomuth's Gadget Shop.
   485 | D        | Found Kottihiam's Gadget Boutique.
   485 | D        | Found Abek's Magic Scroll Boutique.
   487 | D        | Found Xubudech's Armour Shop.
   487 | D        | Found Harum's Jewellery Shop.
   489 | D        | Found Ofacvusa's Food Boutique.
   489 | D        | Found Geatil's Jewellery Boutique.
   490 | D        | Found Heulau's Antique Weapon Shop.
   491 | D        | Found Fupn's Food Shop.
   492 | D        | Found Qoudenk's Weapon Shop.
   492 | D        | Found Lush's Book Boutique.
   496 | D        | Found Jitaza Udug's Distillery.
   496 | D        | Found Mopnatru's Antique Armour Boutique.
   496 | D        | Noticed Menkaure
   496 | D        | Noticed an ice dragon
   496 | D        | Noticed an oklob plant
   497 | D        | Found Sobb's Antique Armour Shop.
   497 | D        | Found Pooheir's Distillery.
   497 | D        | Found Geas's Book Shoppe.
   499 | D        | Noticed a great orb of eyes
   511 | D        | Killed Menkaure
   511 | D        | Reached skill level 12 in Axes
   519 | D        | Noticed a manticore
   519 | D        | Noticed a manticore
   522 | D        | Noticed a manticore
   533 | D        | Bought an ichor-stained war axe for 187 gold pieces
   533 | D        | Identified the +1 war axe of the Desolation of Salt {chop, *Corrode +Inv MR+ Dex+3} (You bought it in a shop in the Dungeon)
   553 | D        | Bought a pair of glowing gloves for 225 gold pieces
   563 | D        | Bought a +0 chain mail for 63 gold pieces
   649 | D        | Found an iron altar of Okawaru.
   649 | D        | Found an opulent altar of Gozag.
   650 | D        | Found a sparkling altar of Nemelex Xobeh.
   650 | D        | Found a blossoming altar of Fedhas.
   651 | D        | Found a radiant altar of Vehumet.
   651 | D        | Found a burning altar of Makhleb.
   651 | D        | Found a white marble altar of Elyvilon.
   652 | D        | Found a hide-covered altar of Uskayaw.
   652 | D        | Found a corrupted altar of Lugonu.
   652 | D        | Found a shadowy altar of Dithmenos.
   653 | D        | Found a glowing silver altar of Zin.
   653 | D        | Found a bloodstained altar of Trog.
   653 | D        | Found an ancient bone altar of Kikubaaqudgha.
   654 | D        | Found a basalt altar of Yredelemnul.
   654 | D        | Found a deep blue altar of Sif Muna.
   654 | D        | Found a viscous altar of Jiyva.
   655 | D        | Found a shimmering altar of Xom.
   655 | D        | Found a sacrificial altar of Ru.
   656 | D        | Found a glowing golden altar of the Shining One.
   656 | D        | Found an ornate altar of the Wu Jian Council.
   657 | D        | Noticed a yaktaur
   657 | D        | Noticed a hornet
   657 | D        | Noticed a polar bear
   658 | D        | Noticed a polar bear
   663 | D        | Killed a polar bear
   668 | D        | Noticed a polar bear
   673 | D        | Killed a polar bear
   673 | D        | Reached XP level 9. HP: 64/64 MP: 8/8
   681 | D        | Killed a hornet
   681 | D        | Reached ***** piety under Trog
   681 | D        | Reached skill level 13 in Axes
   694 | D        | Killed a polar bear
   699 | D        | Killed a yaktaur
   900 | D        | Found a stormy altar of Qazlal.
   906 | D        | Noticed a kraken
  1146 | D        | Slain by a kraken

Skill      XL: |  1  2  3  4  5  6  7  8  9 |
---------------+----------------------------+-----
Fighting       | 5 6 7 8 10 11 | 11.9
Axes           | 6 7 8 10 11 12 13 | 13.5
Armour         | 4 6 7 8 9 10 11 | 11.6
Dodging        | |  1.5

Action                   |  1- 3 |  4- 6 |  7- 9 || total
-------------------------+-------+-------+-------++-------
Melee: Hand axe          |     4 |    27 |    47 ||    78
       War axe           |       |       |    63 ||    63
       Bite              |       |       |    15 ||    15
Invok: Berserk           |     1 |     1 |     4 ||     6
  Use: Scroll            |       |       |    10 ||    10
       Potion            |       |       |     2 ||     2
  Eat: Ration            |       |       |     2 ||     2
Armor: Animal skin       |       |     5 |     8 ||    13
       Chain mail        |       |       |    48 ||    48
Dodge: Dodged            |     1 |     8 |    51 ||    60
